 Dungeon Crawl Stone Soup version 0.31-a0-133-gaae73658be (webtiles) character file.

Game seed: 12346520110276583864

241713 Drazool the Tortoise (level 18, -10/141 HPs)
             Began as a Vampire Gladiator on June 1, 2023.
             Was an Elder of Okawaru.
             Mangled by a two-headed ogre
             ... wielding a +0 giant club
              (28 damage)
             ... on level 1 of the Vaults on June 2, 2023.
             The game lasted 02:46:30 (32615 turns).

Drazool the Tortoise (Vampire Gladiator)           Turns: 32615, Time: 02:46:31

Health: -10/141    AC: 53    Str: 21      XL:     18   Next: 65%
Magic:  18/23      EV: 19    Int: 10 (11) God:    Okawaru [****..]
Gold:   1441       SH:  8    Dex: 32      Spells: 17/17 levels left

rFire   . . .        a - +9 sword of Zonguldrok {reap}
rCold   . . .        H - +0 buckler "Ducij" {Will+}
rNeg    . . .        O - +13 crystal plate armour "Nanaulud" {Drain rPois Str+3 Dex+3}
rPois   +            u - +1 helmet {SInv}
rElec   +            y - +1 cloak
rCorr   .            F - -1 pair of gloves "Kununowaq" {rElec Str+5 Stlth-}
SInv    +            W - +2 pair of boots
Will    ++...        n - amulet of regeneration Stlth
                     L - ring of flight
HPRegen 1.43/turn    D - +6 ring of dexterity
MPRegen 0.18/turn

%: no passive effects
@: heroic, finesse-ful, frozen, flying, healing quickly, hasted, studying 2
skills, quick
A: alive, fangs 3, see invisible, vampiric 2
}: 2/15 runes: decaying, serpentine
a: Exsanguinate, Renounce Religion, Heroism, Finesse


You were on level 1 of the Vaults.
You worshipped Okawaru.
Okawaru was greatly pleased with you.
You visited 7 branches of the dungeon, and saw 32 of its levels.
You also visited: Ice Cave.

You collected 3481 gold pieces.
You spent 2040 gold pieces at shops.


Innate Abilities, Weirdness & Mutations

Your natural rate of healing is accelerated.
You have razor-sharp teeth.
You have supernaturally acute eyesight. (SInv)
You are afflicted with vampirism and can become a bat while bloodless.


   Skills:
 + Level 12.3(17.3) Fighting
 - Level 16.0(21.0) Long Blades
 - Level 9.0(14.0) Throwing
 - Level 19.0(24.0) Armour
 - Level 14.5(19.5) Dodging
 - Level 7.3 Invocations
 - Level 6.0 Evocations


You had 17 spell levels left.
You didn't know any spells.
Your spell library contained the following spells:

 Spells                   Type           Power      Damage    Failure   Level
 Foxfire                  Conj/Fire      0%         2x1d4     100%        1
 Freeze                   Ice            0%         1d3       100%        1
 Kiss of Death            Conj/Necr      0%         2d5       100%        1
 Magic Dart               Conj           0%         1d3       100%        1
 Necrotise                Necr           0%         1d4       100%        1
 Sandblast                Erth           0%         2d4       100%        1
 Shock                    Conj/Air       0%         1d3       100%        1
 Sting                    Tmut/Pois      0%         1d3       100%        1
 Blink                    Tloc           0%         N/A       100%        2
 Cigotuvi's Dreadful Rot  Necr/Pois/Air  0%         N/A       100%        2
 Ensorcelled Hibernation  Hex/Ice        0%         N/A       100%        2
 Lesser Beckoning         Tloc           0%         N/A       100%        2
 Momentum Strike          Conj/Tloc      0%         3d8       100%        2
 Passwall                 Tmut/Erth      0%         N/A       100%        2
 Poisonous Vapours        Pois/Air       0%         N/A       100%        2
 Static Discharge         Conj/Air       0%         2-2/arc   100%        2
 Sublimation of Blood     Necr           0%         N/A       100%        2
 Wereblood                Tmut           0%         N/A       100%        2
 Confusing Touch          Hex            0%         N/A       100%        3
 Dazzling Flash           Conj/Hex       0%         N/A       100%        3
 Frozen Ramparts          Ice            0%         1d1       100%        3
 Gell's Gravitas          Tloc           0%         N/A       100%        3
 Hailstorm                Conj/Ice       0%         3d3       100%        3
 Ignite Poison            Fire/Tmut/Pois 0%         N/A       100%        3
 Mephitic Cloud           Conj/Pois/Air  0%         N/A       100%        3
 Ozocubu's Armour         Ice            0%         N/A       100%        3
 Stone Arrow              Conj/Erth      0%         3d7       100%        3
 Swiftness                Air            0%         N/A       100%        3
 Teleport Other           Tloc           0%         N/A       100%        3
 Vampiric Draining        Necr           0%         2d6       100%        3
 Vhi's Electric Charge    Tloc/Air       0%         N/A       100%        3
 Volatile Blastmotes      Fire/Tloc      0%         2d10      100%        3
 Airstrike                Air            0%         2d(0-16)  100%        4
 Dispel Undead            Necr           0%         3d6       100%        4
 Iskenderun's Mystic Bla  Conj/Tloc      0%         2d3       100%        4
 Olgreb's Toxic Radiance  Pois           0%         N/A       100%        4
 Agony                    Necr           0%         N/A       100%        5
 Arcjolt                  Conj/Air       0%         1d10      100%        5
 Borgnjor's Vile Clutch   Necr/Erth      0%         N/A       100%        5
 Fireball                 Conj/Fire      0%         3d3       100%        5
 Freezing Cloud           Conj/Ice/Air   0%         6-21      100%        5
 Iskenderun's Battlesphe  Conj           0%         2d6       100%        5
 Metabolic Englaciation   Hex/Ice        0%         N/A       100%        5
 Conjure Ball Lightning   Conj/Air       0%         3x3d6     100%        6
 Dispersal                Tloc           0%         N/A       100%        6
 Leda's Unmaking          Conj/Erth      0%         9d1       100%        6
 Plasma Beam              Fire/Air       0%         2x1d10    100%        6
 Starburst                Conj/Fire      0%         6d3       100%        6
 Orb of Destruction       Conj           0%         9d5       100%        7
 Call Imp                 Summ           Unusable   N/A       N/A         2
 Animate Dead             Necr           Unusable   N/A       N/A         4
 Summon Lightning Spire   Summ/Air       Unusable   N/A       N/A         4
 Death Channel            Necr           Unusable   N/A       N/A         6
 Simulacrum               Ice/Necr       Unusable   N/A       N/A         6
 Spellforged Servitor     Conj/Summ      Unusable   N/A       N/A         7
 Summon Hydra             Summ           Unusable   N/A       N/A         7

Inventory:

Hand Weapons
 a - the +9 sword of Zonguldrok (weapon) {reap}
   (You acquired it on level 10 of the Dungeon)
 b - a +2 scimitar of flaming
 M - a +2 great sword of electrocution
Missiles
 e - 19 javelins
 p - 35 boomerangs (quivered)
 q - 40 poisoned darts
 w - 9 boomerangs of dispersal {=f}
 E - 6 curare-tipped darts {=f}
 T - 14 silver javelins
 V - 4 throwing nets {=f}
Armour
 u - a +1 helmet of see invisible (worn)
 y - a +1 cloak (worn)
 F - the -1 pair of gloves "Kununowaq" (worn) {rElec Str+5 Stlth-}
   (Okawaru gifted it to you on level 1 of the Swamp)

   Str:       It affects your strength (+5).
   rElec:     It insulates you from electricity.
   Stlth:     It makes you less stealthy.
 H - the +0 buckler "Ducij" (worn) {Will+}
   (Okawaru gifted it to you on level 1 of the Lair of Beasts)

   Will:      It increases your willpower.
 O - the +13 crystal plate armour "Nanaulud" (worn) {Drain rPois Str+3 Dex+3}
   (Okawaru gifted it to you on level 5 of the Lair of Beasts)

   Str:       It affects your strength (+3).
   Dex:       It affects your dexterity (+3).
   rPois:     It protects you from poison.
   Drain:     It drains your maximum health when unequipped.
 W - a +2 pair of boots (worn)
Jewellery
 c - a ring of ice
 f - a ring of fire
 n - an amulet of regeneration (around neck)
 D - a +6 ring of dexterity (right hand)
 L - a ring of flight (left hand)
 S - a +6 ring of strength
Wands
 z - a wand of quicksilver (8)
 A - a wand of digging (3)
 I - a wand of flame (7)
 K - a wand of roots (22)
 X - a wand of mindburst (32)
 Y - a wand of polymorph (12)
Scrolls
 g - 8 scrolls of poison
 o - a scroll of magic mapping
 r - a scroll of vulnerability
 s - 2 scrolls of amnesia
 x - 6 scrolls of enchant weapon
 G - 7 scrolls of immolation
 J - 8 scrolls of identify {@r1}
 P - a scroll of fear
 R - 2 scrolls of fog
Potions
 h - 2 potions of brilliance
 i - 6 potions of curing {@q1}
 j - 5 potions of mutation
 k - 5 potions of attraction
 m - 5 potions of might
 t - 7 potions of lignification
 v - 3 potions of enlightenment
 C - a potion of cancellation
 Q - 2 potions of berserk rage {!q}
Miscellaneous
 B - a phial of floods
 U - a piece from Xom's chessboard (15/15)

Dungeon Overview and Level Annotations

Branches:
Dungeon (15/15)            Temple (1/1) D:4            Lair (5/5) D:8
  Swamp (4/4) Lair:2        Snake (4/4) Lair:2        Slime (0/5) Lair:5
    Orc (2/2) D:11            Elf (0/3) Orc:2        Vaults (1/5) D:13
 Depths (0/4) D:15          IceCv (visited)

Altars:
Ashenzari
Cheibriados
Dithmenos
Fedhas
Gozag
Hepliaklqana
Kikubaaqudgha
Makhleb
Nemelex Xobeh
Okawaru
Qazlal
Ru
Sif Muna
Trog
Uskayaw
Vehumet
Wu Jian
Xom
Yredelemnul
Jiyva

Shops:
D:15 :   Orc:1 *   Orc:2 *?*=:   Snake:1 ==:   Snake:2 [

Portals:
Hell: Lair:5
Trove: D:13 (show slimy rune of Zot)

Annotations:
D:2 1 runed translucent door, Crazy Yiuf
D:7 3 runed translucent doors, jejorda2's ghost, novice MfBe
Lair:1 2 transporters
Swamp:4 3 runed translucent doors, Goxon Jio's ghost, adept MfGl; Naistiu's ghost, adept DESu
Snake:2 2 transporters, exclusion: obsidian statue

▒.......▒▒.......▒
▒.......▒▒.......▒
▒......O▒▒.......▒
▒▒▒▒▒▒▒▒..§....▒▒.......▒
▒......▒▒......▒.......▒▒.......▒
▒......▒▒......▒.......▒▒.......▒
'......▒▒......▒.......▒▒.......▒
▒......▒▒......e.......▒▒▒▒▒▒▒▒▒▒
▒......▒▒..BQc.▒@......▒
▒......▒▒..)∩cp▒OBp....▒
▒......▒▒..ppc.▒pc.....▒
▒......▒▒......▒opc....▒
▒......▒▒......▒ppoG...▒
▒......▒▒▒▒▒▒▒▒▒cc.....▒
▒........[)...c.o......▒▒▒▒▒▒▒▒▒▒
▒.......).[...cc...........Y.Q...
.................................


You could see an orc warlord (summoned, strong, very poisoned), an ironbound
preserver (strong, empowered), an ironbound thunderhulk, a boulder beetle, 2 orc
knights, an ironbound frostheart (strong, empowered), a glowing orange brain
(very poisoned), 4 centaur warriors, a two-headed ogre (strong, poisoned), 2
vault sentinels, a deep elf high priest (brilliance aura), an ironbound convoker
(summoned, empowered) and a yaktaur.


Message History

The vault sentinel blows a loud note on a signal horn! x2
The boulder beetle bites you but does no damage.
The glowing orange brain pulsates.
You feel dopey. Something feeds on your intellect!
The ironbound frostheart calls freezing cold from the walls.
The frost grips you but does no damage.
Strange energies crackle from the ironbound thunderhulk's apparatus.
The ironbound thunderhulk blinks!
The deep elf high priest utters a dark prayer and points at you.
Your life force is offered up.
* * * LOW HITPOINT WARNING * * *
The glowing orange brain is healed.
The orc warlord is healed.
The orc knight is healed.
The ironbound preserver is healed.
The two-headed ogre is healed.
The vault sentinel is healed.
The centaur warrior is healed.
You slice the deep elf high priest!!
The deep elf high priest is heavily wounded.
The boulder beetle barely misses you.
Unknown command.
You feel better.
The deep elf high priest prays to its god.
The deep elf high priest begins emitting a brilliant aura!
The ironbound convoker is empowered by the deep elf high priest's aura!
The ironbound frostheart is empowered by the deep elf high priest's aura!
The ironbound preserver is empowered by the deep elf high priest's aura!
The vault sentinel is empowered by the deep elf high priest's aura! x2
The two-headed ogre misses you.
The two-headed ogre hits you with a +0 giant club!!
You die...

Skill      XL: |  1  2  3  4  5  6  7  8  9 10 11 12 13 14 15 16 17 18 |
---------------+-------------------------------------------------------+-----
Long Blades    | 4 5 6 7 8 10 12 14 16 | 16.0
Fighting       | 3 5 10 12 | 12.3
Dodging        | 5 8 11 13 14 | 14.5
Invocations    | 3 5 7 |  7.3
Armour         | 3 4 10 12 15 18 19 | 19.0
Throwing       | 2 7 9 |  9.0
Evocations     | 6 |  6.0

Action                     |  1- 3 |  4- 6 |  7- 9 | 10-12 | 13-15 | 16-18 || total
---------------------------+-------+-------+-------+-------+-------+-------++-------
  Melee: Long sword        |    92 |    81 |   278 |       |       |       ||   451
         Bite              |    11 |     6 |    35 |    93 |   198 |   278 ||   621
         Punch             |       |       |     4 |     6 |       |       ||    10
         Falchion          |       |       |    62 |   103 |       |       ||   165
         Scimitar          |       |       |       |   214 |    61 |    22 ||   297
         Double sword      |       |       |       |   268 |  1279 |  1523 ||  3070
  Throw: Boomerang         |       |     5 |     9 |    23 |    46 |   203 ||   286
         Throwing net      |       |     2 |     2 |     4 |     1 |       ||     9
         Stone             |       |       |    43 |    36 |       |       ||    79
         Dart              |       |       |       |    71 |    61 |       ||   132
         Javelin           |       |       |       |       |     6 |     2 ||     8
 Invoke: Heroism           |       |       |     1 |     5 |    13 |    15 ||    34
         Finesse           |       |       |     1 |     4 |     9 |     9 ||    23
         Duel              |       |       |       |       |       |     1 ||     1
Ability: Exsanguinate      |     1 |       |       |     1 |       |       ||     2
         Revivify          |     1 |       |       |     1 |       |       ||     2
  Evoke: Wand              |       |       |       |     3 |     4 |     1 ||     8
    Use: Scroll            |       |       |    11 |    10 |    18 |     5 ||    44
         Potion            |       |       |     1 |     5 |     6 |    15 ||    27
   Stab: Sleeping          |     2 |       |       |       |       |       ||     2
         Held in net/web   |       |     1 |     1 |     5 |     2 |       ||     9
         Distracted        |       |       |       |       |     1 |       ||     1
         Invisible         |       |       |       |       |     6 |       ||     6
 Armour: Leather armour    |    22 |       |       |       |       |       ||    22
         Ring mail         |     6 |    24 |    94 |    95 |    49 |       ||   268
         Crystal plate arm |       |       |       |       |   726 |  1093 ||  1819
  Dodge: Dodged            |    56 |    51 |   212 |   320 |   585 |   883 ||  2107
  Block: Buckler           |       |       |       |    44 |   321 |   441 ||   806

Levels and vault maps discovered:
D:1:      nagdon_arrival_zigzag_paths, layout_loops_ring, grunt_decor_arrowhead
D:2:      layout_rooms, serial_aquarium, aquarium_bridge_square
          [aquarium_subvault_bridge, aquarium_subvault_bridge,
          aquarium_subvault_bridge, aquarium_subvault_balcony],
          aquarium_bridge_straight [aquarium_subvault_bridge,
          aquarium_subvault_wall, aquarium_subvault_bridge,
          aquarium_subvault_window], aquarium_window_1, aquarium_window_fake,
          aquarium_view_2e, aquarium_pool_S, hangedman_abyss_or_decor_stabs,
          uniq_crazy_yiuf_cottage
D:3:      layout_rooms
D:4:      layout_cave_pods, minmay_temple_entry_mini_moons, uniq_sigmund
D:5:      kennysheep_six_static_rooms, layout_basic,
          mainiacjoe_overflow_small_starburst
D:6:      minmay_diamond_boxcup, layout_rooms, mainiacjoe_overflow_alcove_4,
          mainiacjoe_overflow_swirl, chequers_serial_rivers_room_b
D:7:      layout_loops_ring, mainiacjoe_overflow_brackets,
          biasface_ghost_orc_armoury, minmay_tree_intersection
D:8:      layout_gridville, dpeg_lair_monsters, serial_rivers,
          chequers_serial_rivers_large_a, chequers_serial_rivers_small_3,
          chequers_serial_rivers_small_b, chequers_serial_rivers_small_b,
          chequers_serial_rivers_micro_b, chequers_serial_rivers_small_b
D:9:      cheibrodos_barr_body, layout_basic,
          mainiacjoe_overflow_surrounded_room, uniq_erica
D:10:     layout_long_grid, kennysheep_little_box, lemuel_round_altar,
          zin_statuary
D:11:     nzn_winding_woodlands_medium [nzn_winding_woodlands_5x5_three,
          nzn_winding_woodlands_5x15_split_checker,
          nzn_winding_woodlands_5x5_perimeter,
          nzn_winding_woodlands_5x5_default, nzn_winding_woodlands_center_lodge,
          nzn_winding_woodlands_5x5_checkerboard,
          nzn_winding_woodlands_hourglass, nzn_winding_woodlands_5x15_pockets,
          nzn_winding_woodlands_5x5_default], layout_layer_cave
D:12:     layout_irregular_city, mrwooster_statue_mirror
D:13:     kennysheep_bubbly, layout_irregular_city,
          grunt_vaults_entry_fortified, enter_trove_5, uniq_urug, uniq_azrael
D:14:     layout_basic, minmay_misc_feat_tiny, interstate_on_off
D:15:     grunt_enter_depths_snipers, layout_loops_cross, serial_bayou_pond_e,
          serial_shops, shop
Temple:   nicolae_temple_bog_church
Lair:1:   gammafunk_cloud_chamber, layout_regular_city,
          portal_ice_cave_entry_pillars_2, serial_bayou_crossing,
          grunt_megastairs_3, lemuel_fruit_tree, serial_bayou_shore_b
Lair:2:   layout_regular_city, nicolae_swamp_entry_splash_gauntlet,
          dummy_snake_entry, hangedman_lair_unloving_vines, st_stairs_10,
          grunt_megastairs_5, serial_bayou_shore_b, uniq_harold, uniq_amaemon
Lair:3:   layout_roguey, cheibrodos_lair_caveside_slide,
          chequers_serial_rivers_marsh
Lair:4:   layout_roguey, st_stairs_6, nicolae_lair_yak_garden,
          infiniplex_staircase_pool
Lair:5:   evil_forest, layout_layer_cave, slime_entry_1,
          chequers_serial_rivers_small_a
Swamp:1:  layout_basic_swamp, hangedman_swamp_ruin_wall, swamp_pool1,
          nicolae_swamp_spooky_pond
Swamp:2:  layout_basic_swamp, evilmike_swamp_ruin_house_5, hangedman_swamp_lotus
Swamp:3:  layout_basic_swamp, evilmike_swamp_ruin_rubble_1, swamp_pool2
Swamp:4:  swamp_pestilence, layout_basic_swamp, gammafunk_ghost_cemetery
Snake:1:  layout_layer_cave, nicolae_snake_storage_room, minmay_shop_grove
Snake:2:  gammafunk_sealed_arena, layout_grid_shapes, hellmonk_scale_shop
Snake:3:  layout_onion_interference
Snake:4:  minmay_snake_end_coiled, layout_onion_interference,
          serial_bayou_shore_a
Orc:1:    layout_caves, serial_shops, nicolae_shop_rolling_square
Orc:2:    st_orc_mages, layout_diamond_mine, nicolae_shop_self_help, uniq_sonja
Vaults:1: dpeg_vaults_pockets_of_resistance, v_rooms_3, v_misc_30,
          hangedman_vaults_nails, v_pattern_2, vaults_dpeg_diagonal,
          layout_vaults_omnigrid

Notes
Turn   | Place    | Note
-------+----------+-------------------------------------------
     0 | D:1      | Drazool the Vampire Gladiator began the quest for the Orb.
     0 | D:1      | Reached XP level 1. HP: 16/16 MP: 1/1
   212 | D:1      | Reached XP level 2. HP: 22/22 MP: 2/2
   772 | D:2      | Reached skill level 4 in Long Blades
   779 | D:2      | Gained mutation: You are afflicted with vampirism and can
                  | become a bat while bloodless. [Vampire growth]
   779 | D:2      | Reached XP level 3. HP: 27/27 MP: 3/3
  1182 | D:2      | Found a runed translucent door.
  1183 | D:2      | Noticed Crazy Yiuf
  1516 | D:3      | Identified the +0 ring mail of Cougug {Regen+ Str-5 Dex+3
                  | Slay+3}
  1611 | D:3      | Reached XP level 4. HP: 29/29 MP: 4/4
  1626 | D:3      | Reached skill level 5 in Long Blades
  1723 | D:3      | Noticed a phantom
  1731 | D:3      | Killed a phantom
  1732 | D:3      | Reached XP level 5. HP: 23/34 MP: 5/5
  1891 | D:3      | Reached skill level 6 in Long Blades
  1965 | D:4      | Identified the +8 hand axe of Melee {heavy, *Rage Int+4
                  | Dex+3}
  1976 | D:4      | Reached skill level 2 in Fighting
  1987 | D:4      | Found a staircase to the Ecumenical Temple.
  1998 | Temple   | Entered the Ecumenical Temple
  2148 | Temple   | Became a worshipper of Warmaster Okawaru
  2291 | D:4      | Noticed a phantom
  2304 | D:4      | Killed a phantom
  2305 | D:4      | Reached skill level 3 in Fighting
  2305 | D:4      | Reached XP level 6. HP: 39/42 MP: 6/6
  2347 | D:4      | Noticed Sigmund
  2369 | D:4      | Killed Sigmund
  2369 | D:4      | Reached * piety under Okawaru
  2370 | D:4      | Reached skill level 4 in Fighting
  2459 | D:4      | Reached skill level 5 in Fighting
  2459 | D:4      | Reached XP level 7. HP: 56/56 MP: 7/7
  2534 | D:3      | Reached skill level 4 in Dodging
  2705 | D:4      | HP: 5/56 [acid (9)]
  2797 | D:4      | Reached skill level 5 in Dodging
  2820 | D:4      | Reached skill level 1 in Invocations
  3229 | D:5      | Entered Level 5 of the Dungeon
  3258 | D:5      | Found an ornate altar of the Wu Jian Council.
  3275 | D:5      | Reached skill level 2 in Invocations
  3372 | D:5      | Reached skill level 3 in Invocations
  3393 | D:5      | Reached ** piety under Okawaru
  3394 | D:5      | Reached XP level 8. HP: 45/62 MP: 10/10
  3442 | D:5      | Reached skill level 4 in Invocations
  3654 | D:5      | Reached skill level 5 in Invocations
  3687 | D:5      | Reached skill level 1 in Armour
  3690 | D:5      | Identified the +3 dagger of a bazaar {flame, rF++ Will-
                  | Str+2 Stlth+}
  3807 | D:5      | Reached skill level 2 in Armour
  4361 | D:4      | Reached skill level 3 in Armour
  5030 | D:6      | Found a shimmering altar of Xom.
  5069 | D:6      | Found a radiant altar of Vehumet.
  5156 | D:6      | Reached skill level 7 in Long Blades
  5267 | D:6      | Reached *** piety under Okawaru
  5426 | D:6      | Found a sacrificial altar of Ru.
  5495 | D:6      | Reached skill level 2 in Throwing
  5495 | D:6      | Reached XP level 9. HP: 42/68 MP: 12/12
  5541 | D:6      | Reached skill level 8 in Long Blades
  5613 | D:6      | Reached skill level 3 in Throwing
  5699 | D:7      | Reached skill level 4 in Throwing
  5972 | D:7      | Found a runed translucent gate.
  5972 | D:7      | Found a runed translucent gate.
  5973 | D:7      | Found a runed translucent gate.
  5980 | D:7      | Identified the +6 plate armour of Proximity {rN+}
  5980 | D:7      | Noticed jejorda2's ghost (novice MfBe)
  6045 | D:7      | Reached **** piety under Okawaru
  6073 | D:7      | Found a sparkling altar of Nemelex Xobeh.
  6100 | D:7      | Reached skill level 5 in Throwing
  6756 | D:8      | Reached skill level 6 in Throwing
  7018 | D:8      | Noticed a death yak
  7058 | D:8      | Killed a death yak
  7059 | D:8      | Reached skill level 7 in Throwing
  7059 | D:8      | Reached XP level 10. HP: 56/74 MP: 6/13
  7059 | D:8      | Noticed a death yak
  7107 | D:8      | Noticed a death yak
  7202 | D:8      | Killed a death yak
  7217 | D:8      | Killed a death yak
  7217 | D:8      | Reached ***** piety under Okawaru
  7218 | D:8      | Reached skill level 6 in Dodging
  7350 | D:8      | Found a staircase to the Lair.
  7480 | D:7      | Reached skill level 9 in Long Blades
  7807 | D:9      | Noticed Erica
  7828 | D:9      | Killed Erica
  7829 | D:9      | Reached skill level 7 in Dodging
  7896 | D:9      | Reached skill level 8 in Dodging
  8141 | D:9      | Reached skill level 10 in Long Blades
  8146 | D:9      | Received a gift from Okawaru
  8147 | D:9      | Reached XP level 11. HP: 50/71 MP: 14/14
  8346 | D:9      | Noticed a centaur warrior
  8346 | D:9      | Noticed a boulder beetle
  8350 | D:9      | Noticed a two-headed ogre
  8511 | D:9      | Killed a boulder beetle
  8512 | D:9      | Reached skill level 9 in Dodging
  8582 | D:9      | Killed a centaur warrior
  8664 | D:9      | Found a basalt altar of Yredelemnul.
  8746 | D:10     | Entered Level 10 of the Dungeon
  8964 | D:10     | Found a blossoming altar of Fedhas.
  8990 | D:10     | Found a stormy altar of Qazlal.
  9001 | D:10     | Identified a scroll of acquirement
  9002 | D:10     | Acquired the +9 sword of Zonguldrok {reap}
  9002 | D:10     | Found the +9 sword of Zonguldrok {reap}
  9439 | D:9      | Killed a two-headed ogre
  9440 | D:9      | Reached skill level 11 in Long Blades
  9506 | Lair:1   | Entered Level 1 of the Lair of Beasts
  9522 | Lair:1   | Found a transporter.
  9537 | Lair:1   | Identified the +0 buckler "Ducij" {Will+} (Okawaru gifted
                  | it to you on level 1 of the Lair of Beasts)
  9537 | Lair:1   | Received a gift from Okawaru
  9538 | Lair:1   | Reached skill level 10 in Dodging
  9656 | Lair:1   | Found a frozen archway.
  9667 | IceCv    | Entered an ice cave
  9987 | Lair:1   | Reached skill level 11 in Dodging
 10104 | Lair:1   | Reached skill level 12 in Long Blades
 10172 | Lair:1   | Reached XP level 12. HP: 79/86 MP: 15/15
 10198 | Lair:1   | Found a transporter.
 10258 | Lair:1   | Noticed a catoblepas
 10278 | Lair:1   | Killed a catoblepas
 11014 | Lair:2   | Noticed Harold
 11028 | Lair:2   | Killed Harold
 11048 | Lair:2   | Reached skill level 12 in Dodging
 11161 | Lair:2   | Reached skill level 13 in Long Blades
 11215 | Lair:2   | Noticed Amaemon
 11239 | Lair:2   | Killed Amaemon
 11239 | Lair:2   | Received a gift from Okawaru
 11353 | Lair:2   | Found a staircase to the Snake Pit.
 11609 | Lair:2   | HP: 8/86 [bog body (5)]
 11611 | Lair:2   | Reached skill level 13 in Dodging
 11658 | Lair:2   | Found a staircase to the Swamp.
 11732 | Lair:2   | You are sucked into a shaft and drop 1 floor!
 11762 | Lair:3   | Received a gift from Okawaru
 11848 | Lair:3   | Received a gift from Okawaru
 11892 | Lair:3   | Identified the +0 chain mail of Mayr {Stlth+}
 11922 | Lair:3   | Noticed a seven-headed hydra
 11932 | Lair:3   | Killed a three-headed hydra
 11979 | Lair:3   | Reached skill level 14 in Long Blades
 12235 | Lair:3   | Received a gift from Okawaru
 12806 | Lair:4   | Received a gift from Okawaru
 12807 | Lair:4   | Reached XP level 13. HP: 75/91 MP: 16/16
 13309 | Lair:3   | Reached skill level 14 in Dodging
 13873 | Lair:5   | Entered Level 5 of the Lair of Beasts
 13892 | Lair:5   | Received a gift from Okawaru
 14008 | Lair:5   | Identified the +1 leather armour of the Gate {Harm +Inv
                  | rElec rC-}
 14076 | Lair:5   | Received a gift from Okawaru
 14118 | Lair:5   | Reached skill level 8 in Throwing
 14137 | Lair:5   | Found a staircase to the Slime Pits.
 14138 | Lair:5   | Found a viscous altar of Jiyva.
 14532 | Lair:5   | Reached skill level 6 in Invocations
 14559 | Lair:5   | Reached ****** piety under Okawaru
 14920 | Lair:5   | Found a burning altar of Makhleb.
 14949 | Lair:5   | Reached skill level 7 in Invocations
 14969 | Lair:5   | Identified the +13 crystal plate armour "Nanaulud" {Drain
                  | rPois Str+3 Dex+3} (Okawaru gifted it to you on level 5 of
                  | the Lair of Beasts)
 14969 | Lair:5   | Received a gift from Okawaru
 14970 | Lair:5   | Reached skill level 9 in Throwing
 14986 | Lair:5   | HP: 9/91 [hellwing (4)]
 15233 | Lair:5   | Found a gateway to Hell.
 15713 | D:11     | Reached skill level 4 in Armour
 15921 | D:11     | Found a staircase to the Orcish Mines.
 16202 | D:11     | Reached XP level 14. HP: 92/98 MP: 19/19
 16220 | D:11     | Reached skill level 5 in Armour
 16410 | D:11     | Reached skill level 6 in Armour
 16482 | Orc:1    | Entered Level 1 of the Orcish Mines
 16597 | Orc:1    | Noticed an orc warlord
 16600 | Orc:1    | Reached skill level 7 in Armour
 16668 | D:11     | Killed an orc warlord
 16857 | Orc:1    | Found Pilugil's Assorted Antiques.
 17015 | Orc:2    | Entered Level 2 of the Orcish Mines
 17015 | Orc:2    | Noticed Sonja
 17015 | Orc:2    | Noticed an orc warlord
 17216 | Orc:2    | Killed Sonja
 17217 | Orc:2    | Reached skill level 8 in Armour
 17316 | D:11     | Killed an orc warlord
 17506 | Orc:2    | Found a staircase to the Elven Halls.
 17740 | Orc:2    | Reached skill level 9 in Armour
 17961 | Orc:2    | Received a gift from Okawaru
 18177 | Orc:2    | Found Gaicler's Self-Improvement Boutique.
 18186 | Orc:2    | Bought a manual of Fighting for 800 gold pieces
 18232 | Orc:2    | Found Azxu's General Store.
 18232 | Orc:2    | Found Syori's Magic Scroll Emporium.
 18233 | Orc:2    | Found Mimpuss's Jewellery Shoppe.
 18237 | Orc:2    | Found Kamn's Assorted Antiques.
 18247 | Orc:2    | Bought a scroll of identify for 30 gold pieces
 18247 | Orc:2    | Bought a potion of heal wounds for 75 gold pieces
 18247 | Orc:2    | Bought a scroll of enchant armour for 112 gold pieces
 18255 | Orc:2    | Bought a scroll of identify for 32 gold pieces
 18255 | Orc:2    | Bought a scroll of identify for 32 gold pieces
 18255 | Orc:2    | Bought a scroll of identify for 32 gold pieces
 18255 | Orc:2    | Bought a scroll of identify for 32 gold pieces
 18265 | Orc:2    | Bought a potion of curing for 87 gold pieces
 18265 | Orc:2    | Bought a potion of might for 116 gold pieces
 18265 | Orc:2    | Bought a potion of might for 116 gold pieces
 18362 | Orc:2    | Bought a +6 ring of dexterity for 576 gold pieces
 18801 | D:12     | Received a gift from Okawaru
 19049 | D:13     | Noticed Urug
 19049 | D:13     | Noticed Azrael
 19259 | D:13     | Reached skill level 10 in Armour
 19463 | D:13     | You fall into a shaft and drop 2 floors!
 19463 | D:15     | Entered Level 15 of the Dungeon
 19779 | D:15     | Reached XP level 15. HP: 103/103 MP: 20/20
 19787 | D:15     | Found Zokaqoarch's Book Emporium.
 19830 | D:15     | Received a gift from Okawaru
 19887 | D:15     | Reached skill level 6 in Fighting
 20060 | D:14     | Reached skill level 7 in Fighting
 20277 | D:14     | Reached skill level 8 in Fighting
 20413 | D:13     | Killed Urug
 20634 | D:13     | Reached skill level 9 in Fighting
 20817 | D:12     | Received a gift from Okawaru
 20960 | D:13     | Azrael changed into Azrael the hellwing
 20960 | D:13     | Noticed Azrael
 20967 | D:13     | Killed Azrael the hellwing
 21009 | D:13     | Reached skill level 10 in Fighting
 21166 | D:13     | Reached skill level 1 in Evocations
 21285 | D:13     | Received a gift from Okawaru
 21286 | D:13     | Reached skill level 2 in Evocations
 21328 | D:13     | Found a gate to the Vaults.
 21344 | D:13     | Reached skill level 3 in Evocations
 21455 | D:13     | Found a portal to a secret trove of treasure.
 21658 | D:14     | Identified the +6 glaive of Zuappel {freeze, rF+ Dex+3}
                  | (Okawaru gifted it to you on level 14 of the Dungeon)
 21658 | D:14     | Received a gift from Okawaru
 21705 | D:14     | Reached skill level 4 in Evocations
 22272 | D:15     | Noticed a frost giant
 22294 | D:15     | Killed a frost giant
 22295 | D:15     | Reached skill level 5 in Evocations
 22320 | D:15     | Found a staircase to the Depths.
 22733 | Snake:1  | Entered Level 1 of the Snake Pit
 22835 | Snake:1  | Reached skill level 6 in Evocations
 22835 | Snake:1  | Reached skill level 11 in Armour
 22897 | Snake:1  | Found Paanaexe's Book Shop.
 22898 | Snake:1  | Found Zauzxaik's Jewellery Shoppe.
 22898 | Snake:1  | Found Calaop's Jewellery Shoppe.
 23065 | Snake:1  | Received a gift from Okawaru
 23217 | Snake:1  | Reached skill level 12 in Armour
 23441 | Snake:1  | Identified the +1 trident "Impbane" {freeze, rC+ rN+
                  | Stlth+}
 23569 | Snake:1  | Received a gift from Okawaru
 23570 | Snake:1  | Reached XP level 16. HP: 100/122 MP: 21/21
 24226 | Snake:2  | Reached skill level 13 in Armour
 24355 | Snake:2  | Found a transporter.
 24406 | Snake:2  | Found a transporter.
 24644 | Snake:2  | Found Jezotitwyvu's Superior Scales.
 24920 | Snake:2  | Received a gift from Okawaru
 25252 | Snake:3  | Reached skill level 14 in Armour
 25311 | Snake:3  | Identified the +8 halberd of the Distant Future {speed, Fly
                  | MP+9} (Okawaru gifted it to you on level 3 of the Snake
                  | Pit)
 25311 | Snake:3  | Received a gift from Okawaru
 25785 | Snake:3  | Upgraded the game from 0.31-a0-128-g25add195a6 to
                  | 0.31-a0-133-gaae73658be
 25876 | Swamp:1  | Entered Level 1 of the Swamp
 25964 | Lair:2   | Reached skill level 15 in Armour
 26052 | Swamp:1  | Identified the -1 pair of gloves "Kununowaq" {rElec Str+5
                  | Stlth-} (Okawaru gifted it to you on level 1 of the Swamp)
 26052 | Swamp:1  | Received a gift from Okawaru
 26348 | Swamp:1  | Acquired a manual of Dodging
 26589 | Swamp:1  | HP: 3/122 [will-o-the-wisp/foxfire (25)]
 26690 | Swamp:1  | Reached XP level 17. HP: 113/128 MP: 22/22
 27406 | Swamp:2  | Reached skill level 16 in Armour
 28184 | Swamp:4  | Entered Level 4 of the Swamp
 28317 | Swamp:4  | Found a runed translucent gate.
 28317 | Swamp:4  | Found a runed translucent gate.
 28317 | Swamp:4  | Found a runed translucent gate.
 28409 | Swamp:4  | Received a gift from Okawaru
 28477 | Swamp:4  | Reached skill level 17 in Armour
 28645 | Swamp:4  | Received a gift from Okawaru
 28712 | Swamp:4  | Noticed Naistiu's ghost (adept DESu)
 28714 | Swamp:4  | Noticed Goxon Jio's ghost (adept MfGl)
 29283 | Swamp:4  | Noticed a bone dragon
 29292 | Swamp:4  | Killed a bone dragon
 29292 | Swamp:4  | Identified the +5 chain mail "Cafice" {Will+ Regen+ Str-5
                  | Dex+2 Stlth+} (Okawaru gifted it to you on level 4 of the
                  | Swamp)
 29292 | Swamp:4  | Received a gift from Okawaru
 29306 | Swamp:4  | Got a decaying rune of Zot
 29563 | Snake:4  | Entered Level 4 of the Snake Pit
 29792 | Snake:4  | Identified the +4 robe of Inuryn {rPois rC+ Will+}
 29947 | Snake:4  | Reached skill level 18 in Armour
 30627 | Snake:4  | Reached XP level 18. HP: 119/133 MP: 23/23
 30823 | Snake:4  | Received a gift from Okawaru
 31062 | Snake:4  | Got a serpentine rune of Zot
 31342 | Vaults:1 | Entered Level 1 of the Vaults
 31534 | Vaults:1 | Reached skill level 19 in Armour
 31835 | Vaults:1 | Reached skill level 15 in Long Blades
 31903 | Vaults:1 | Received a gift from Okawaru
 32182 | Vaults:1 | Reached skill level 16 in Long Blades
 32198 | Vaults:1 | Received a gift from Okawaru
 32340 | Vaults:1 | Reached skill level 11 in Fighting
 32550 | Vaults:1 | Reached skill level 12 in Fighting
 32580 | Arena    | Entered the Arena
 32613 | Vaults:1 | HP: 9/141 [deep elf high priest/a malign offering (25)]
 32615 | Vaults:1 | Mangled by a two-headed ogre

Vanquished Creatures
  A bone dragon (Swamp:4)
  A thorn hunter (Swamp:3)
  3 tengu reavers (Vaults:1)
  A fenstrider witch (Swamp:1)
  5 nagarajas
  3 vault wardens (Vaults:1)
  A frost giant (D:15)
  2 orc warlords (D:11)
  An ironbound preserver (Vaults:1)
  A very ugly thing (Vaults:1)
  3 ironbound thunderhulks (Vaults:1)
  A war gargoyle (Vaults:1)
  A dire elephant (D:13)
  An eleionoma (Swamp:1)
  8 bunyips
  An ettin (D:11)
  A crystal guardian (Vaults:1)
  Harold (Lair:2)
  A hell beast (Lair:5)
  A yaktaur captain (Vaults:1)
  An ogre mage (Vaults:1)
  A peacekeeper (Vaults:1)
  7 salamander tyrants
  9 hydras
  16 centaur warriors
  3 ghost crabs
  An ironbound frostheart (Vaults:1)
  4 vault guards
  An ice dragon (Snake:2)
  2 catoblepae
  Erica (D:9)
  5 two-headed ogres
  2 boulder beetles
  10 anacondas
  4 death yaks
  20 naga warriors
  10 alligators
  4 orc high priests (Orc:2)
  2 tengu warriors (D:15)
  Sonja (Orc:2)
  Urug (D:13)
  9 naga sharpshooters
  A skyshark (D:13)
  4 shock serpents
  Amaemon (Lair:2)
  3 skeletal warriors
  5 salamander mystics
  3 sea snakes (Snake:4)
  A death drake (shapeshifter) (D:13)
  5 deep trolls (Vaults:1)
  3 swamp dragons
  4 spriggan druids
  2 spectral hydras (Swamp:4)
  10 bog bodies
  5 ironbound convokers (Vaults:1)
  7 orc knights
  2 lindwurms
  4 wizards
  2 deep elf pyromancers (D:15)
  4 naga ritualists
  A necromancer (Vaults:1)
  3 phantasmal warriors
  7 mana vipers
  4 manticores
  4 orc sorcerers
  13 ugly things
  A salamander (shapeshifter) (D:15)
  A tengu skeleton (Vaults:1)
  An oklob plant (Swamp:4)
  5 will-o-the-wisps
  13 salamanders
  6 cyclopes
  4 elephants
  7 guardian serpents
  4 vault sentinels (Vaults:1)
  3 orange demons
  A frost giant skeleton (Vaults:1)
  31 black mambas
  A guardian serpent (shapeshifter) (D:13)
  19 naga magi
  10 cane toads
  2 gargoyles
  A kobold demonologist (D:10)
  4 rime drakes
  2 unseen horrors (D:11)
  3 swamp worm zombies (Swamp:4)
  8 yaktaurs
  A yaktaur zombie (Vaults:1)
  An ice devil (Lair:5)
  8 komodo dragons
  2 efreet
  3 freezing wraiths
  A tengu conjurer (D:13)
  6 trolls
  A bloated husk (Swamp:4)
  2 hellwings
  3 red devils (Lair:5)
  4 meliai (D:13)
  3 hydra zombies (Swamp:4)
  A merfolk (Snake:2)
  9 tyrant leeches
  12 hornets
  12 blink frogs
  A polar bear (Lair:4)
  5 dream sheep (Lair:4)
  6 alligator zombies (Swamp:4)
  4 spectral swamp dragons (Swamp:4)
  20 slime creatures
  4 shadows
  Sigmund (D:4)
  15 spriggans
  39 yaks
  2 wraiths
  A vampire (D:11)
  5 wyverns
  A human (D:13)
  3 fire elementals
  14 vampire mosquitoes
  6 basilisks
  A death yak simulacrum (IceCv)
  2 steam dragons (D:9)
  7 wargs
  57 nagas
  13 swamp worms
  9 hell hounds
  3 acid dragons
  A hydra simulacrum (IceCv)
  15 water moccasins
  A glowing shapeshifter skeleton (Vaults:1)
  6 ogres
  2 ice beasts (D:5)
  A black bear (D:6)
  32 orc warriors
  2 sky beasts
  4 swamp dragon zombies (Swamp:4)
  11 wolves (Lair:5)
  15 centaurs
  8 phantoms
  4 kobold brigands
  18 bullfrogs
  2 gnoll sergeants
  5 scorpions
  5 wights
  12 killer bees
  2 howler monkeys
  An electric eel (Lair:2)
  6 hounds
  30 orc priests
  6 jellies
  3 gnoll boudas
  A sleepcap (D:8)
  3 iguanas
  36 orc wizards
  2 spectral swamp drakes (Swamp:4)
  2 hell rats (D:8)
  2 polar bear simulacra (IceCv)
  14 gnolls
  10 adders
  2 river rats (D:8)
  A shadow imp (D:7)
  2 white imps
  An ufetubus (D:7)
  4 worms
  3 dart slugs
  52 orcs
  4 ball pythons
  6 endoplasms
  2 giant cockroaches
  4 hobgoblins
  7 jackals
  5 quokkas
  6 bats
  4 frilled lizards (D:1)
  6 goblins
  21 kobolds
  3 rats
1060 creatures vanquished.

Vanquished Creatures (others)
  A ghost crab (Swamp:4)
  2 bloated husks
  3 phantoms (Swamp:4)
  An orc priest (Orc:2)
  12 foxfires
19 creatures vanquished.

Grand Total: 1079 creatures vanquished

Table legend: (Time is in decaauts)
 A = Elapsed time spent in this place.
 B = Non-inter-level travel time spent in this place.
 C = Inter-level travel time spent in this place.
 D = Time resting spent in this place.
 E = Time spent auto-exploring this place.
 F = Levels seen in this place.
 G = Mean time per level.
                   A        B        C        D        E       F      G
               +--------+--------+--------+--------+--------+-----+--------+
         Total |  31743 |  28885 |   2858 |   1902 |  17998 |  34 |  933.6 |
       Dungeon |  14837 |  13443 |   1394 |    768 |   9065 |  15 |  989.1 |
        Temple |    210 |    164 |     46 |     35 |    115 |   1 |  210.0 |
          Lair |   5853 |   5336 |    517 |    249 |   3662 |   5 | 1170.6 |
         Swamp |   3325 |   2978 |    347 |     89 |   1770 |   4 |  831.2 |
     Snake Pit |   4599 |   4169 |    430 |    385 |   2113 |   4 | 1149.8 |
  Orcish Mines |   1604 |   1482 |    122 |     36 |    882 |   2 |  802.0 |
        Vaults |   1068 |   1068 |      0 |    218 |    390 |   1 | 1068.0 |
      Ice Cave |    227 |    227 |      0 |    120 |      0 |   1 |  227.0 |
         Arena |     18 |     18 |      0 |      0 |      0 |   1 |   18.0 |
               +--------+--------+--------+--------+--------+-----+--------+

Top non-repeatable levels by time:
  Lair:5: 1468 daAuts
    D:13: 1406 daAuts
 Snake:4: 1371 daAuts
  Lair:1: 1287 daAuts
 Snake:1: 1253 daAuts
   Orc:2: 1234 daAuts
     D:4: 1224 daAuts
     D:5: 1205 daAuts
  Lair:2: 1194 daAuts
     D:8: 1184 daAuts
  Lair:3: 1157 daAuts
    D:11: 1142 daAuts
Vaults:1: 1068 daAuts
 Snake:3: 1066 daAuts
     D:9: 1045 daAuts

Table legend:
 A = Non-vault XP
 B = Vault XP
 C = Vault XP percentage of total XP
 D = Non-vault monster count
 E = Vault monster count
 F = Vault count percentage of total count
                 A         B        C        D         E       F
            +---------+---------+-------+---------+---------+-------
      Total |  221526 |  125258 |  36.1 |     735 |     328 |  30.9
            +---------+---------+-------+---------+---------+-------
        D:1 |      26 |       0 |   0.0 |      18 |       0 |   0.0
        D:2 |      52 |       0 |   0.0 |      14 |       0 |   0.0
        D:3 |     267 |       0 |   0.0 |      21 |       0 |   0.0
        D:4 |     561 |     231 |  29.2 |      28 |       1 |   3.4
        D:5 |     678 |     342 |  33.5 |      16 |       6 |  27.3
        D:6 |     635 |     775 |  55.0 |       7 |       9 |  56.2
        D:7 |    1138 |       2 |   0.2 |      23 |       1 |   4.2
        D:8 |     937 |    2548 |  73.1 |      24 |      10 |  29.4
        D:9 |    2633 |    4378 |  62.4 |      31 |      13 |  29.5
       D:10 |     579 |       0 |   0.0 |       9 |       0 |   0.0
       D:11 |    8638 |    6549 |  43.1 |      30 |      21 |  41.2
       D:12 |    1673 |     677 |  28.8 |       8 |       4 |  33.3
       D:13 |    5636 |   15608 |  73.5 |      16 |      30 |  65.2
       D:14 |    8214 |       0 |   0.0 |      15 |       0 |   0.0
       D:15 |   10418 |    2794 |  21.1 |      26 |       3 |  10.3
     Lair:1 |    6826 |    2351 |  25.6 |      27 |      12 |  30.8
     Lair:2 |    2072 |    5318 |  72.0 |      14 |      14 |  50.0
     Lair:3 |    5492 |     797 |  12.7 |      14 |       1 |   6.7
     Lair:4 |    3292 |    2100 |  38.9 |      16 |       5 |  23.8
     Lair:5 |    6495 |    8787 |  57.5 |      22 |      26 |  54.2
    Swamp:1 |   15693 |    4546 |  22.5 |      30 |       6 |  16.7
    Swamp:2 |    6236 |       0 |   0.0 |      14 |       0 |   0.0
    Swamp:3 |   14139 |       0 |   0.0 |      28 |       0 |   0.0
    Swamp:4 |   11606 |   13286 |  53.4 |      19 |      38 |  66.7
    Snake:1 |   15708 |    8055 |  33.9 |      31 |      17 |  35.4
    Snake:2 |   14658 |     847 |   5.5 |      29 |       1 |   3.3
    Snake:3 |   24832 |     856 |   3.3 |      51 |       1 |   1.9
    Snake:4 |   17296 |   19328 |  52.8 |      32 |      39 |  54.9
      Orc:1 |    5354 |       0 |   0.0 |      49 |       0 |   0.0
      Orc:2 |    2349 |    6310 |  72.9 |      30 |      43 |  58.9
   Vaults:1 |   26557 |   18039 |  40.4 |      42 |      22 |  34.4
      IceCv |       0 |     734 | 100.0 |       0 |       5 | 100.0
      Arena |     836 |       0 |   0.0 |       1 |       0 |   0.0
            +---------+---------+-------+---------+---------+-------
